 Dungeon Crawl Stone Soup version 0.22-a0-40-g3d2f077def (webtiles) character file.

42 2ustice the Scratcher (level 3, -5/16 HPs)
             Began as a Felid Transmuter on Jan 5, 2018.
             Slain by Democracy123's ghost (11 damage)
             ... on level 3 of the Dungeon.
             The game lasted 00:04:02 (1914 turns).

2ustice the Scratcher (Felid Transmuter)            Turns: 1914, Time: 00:04:11

Health: -5/16      AC:  1    Str:  6    XL:     3   Next: 35%
Magic:  6/7        EV: 18    Int: 15    God:
Gold:   72         SH:  0    Dex: 16    Spells: 5/6 levels left
                                        Lives:  0   Deaths: 0

rFire    . . .     SeeInvis +     - Unarmed
rCold    . . .     Gourm    .   (shield unavailable)
rNeg     . . .     Faith    .   (armour unavailable)
rPois    .         Spirit   .   (helmet unavailable)
rElec    .         Reflect  .   (cloak unavailable)
rCorr    .         Harm     .   (gloves unavailable)
MR       +....                  (boots unavailable)
Stlth    ++........             (no amulet)
HPRegen  0.05/turn              d - ring of protection from magic
MPRegen  0.10/turn              (no ring)

@: appendage, quick
A: very small, no armour, no weapons or thrown items, stealth, claws 1, fangs 3,
horns 2, see invisible, carnivore, speed 1, shaggy fur 1, slow metabolism 1,
sharp paws
a: End Transformation


You were on level 3 of the Dungeon.
You were not hungry.
You had grown temporary horns.
You visited 1 branch of the dungeon, and saw 4 of its levels.

You collected 72 gold pieces.

Inventory:

Missiles
 a - 35 arrows
Jewellery
 d - a ring of protection from magic (left paw)
Scrolls
 e - a scroll of teleportation
 g - a scroll of noise {unknown}
Potions
 h - a potion of flight
Books
 b - a book of Changes

   Spells                             Type                      Level
   a - Beastly Appendage              Transmutation                1
   b - Sticks to Snakes               Transmutation                2
   c - Spider Form                    Transmutation/Poison         3
   d - Ice Form                       Ice/Transmutation            4
   e - Blade Hands                    Transmutation                5
Comestibles
 c - 4 rations


   Skills:
 * Level 2.0 Fighting
 + Level 3.2 Dodging
 + Level 0.1 Stealth
 + Level 3.2 Unarmed Combat
 + Level 2.3 Spellcasting
 + Level 2.5 Transmutations


You had 5 spell levels left.
You knew the following spells:

 Your Spells              Type           Power        Failure   Level  Hunger
a - Beastly Appendage     Tmut           #.....       8%          1    #......


Dungeon Overview and Level Annotations

Branches:
Dungeon (4/15)
 Temple: D:4-7

Altars:

Annotations:
D:3 Democracy123's ghost, amateur DsFi
D:4 Edmund


Innate Abilities, Weirdness & Mutations

You cannot wear armour.
You are incapable of wielding weapons or throwing items.
Your paws allow you to move quietly. (Stealth)
You have sharp claws.
You have razor-sharp teeth.
You have supernaturally acute eyesight. (SInv)
You are carnivorous and can eat meat at any time.
You cover ground quickly.
You are covered in fur. (AC +1)
You have a slow metabolism.
Your sharp claws are effective at attacking unaware monsters.
You have a pair of horns on your head.


Message History

You butcher the bat corpse.
Things that are here:
a chunk of flesh; a bat skeleton
There is a stone staircase leading down here.
You climb downwards.
Edmund the Younger comes into view.
He is wielding a flail of crushing.
Found a ration.
There is a stone staircase leading up here.
Casting: Beastly Appendage
Confirm with . or Enter, or press ? or * to list all spells.
You grow a pair of large bovine horns.
Edmund shouts!
There is a stone staircase leading up here.
You climb upwards.
Level annotation: Democracy123's ghost, amateur DsFi Democracy123's ghost hits you!
Ouch! That really hurt!
Democracy123's ghost hits you!
Ouch! That really hurt!
You die...

.#####.### # #.
........ .. #..
#.....###"..
#.###.#.........
#............... #
#.#.....†....###
#.#.#.............
#####.#.#.#%#.#####.##
..!!.......@#(..
####.#.###W#####
#.#.#......
#......####
#..÷...###########
#................#
#............###.#
#......#####..<#.#
#.#.#'## #####.#


You could see Democracy123's ghost.

Vanquished Creatures
  An adder (D:2)
  A ball python (D:1)
  9 bats
  2 giant cockroaches
  A goblin (D:2)
  5 hobgoblins
  4 jackals (D:2)
  4 frilled lizards
  A kobold (D:2)
  3 rats
31 creatures vanquished.

Notes
Turn   | Place    | Note
-------+----------+-------------------------------------------
     0 | D:1      | 2ustice the Felid Transmuter began the quest for the Orb.
     0 | D:1      | Reached XP level 1. HP: 9/9 MP: 4/4
   596 | D:1      | Reached XP level 2. HP: 12/12 MP: 6/6
  1080 | D:2      | Reached XP level 3. HP: 12/16 MP: 7/7
  1903 | D:3      | Noticed Democracy123's ghost (amateur DsFi)
  1909 | D:4      | Noticed Edmund
  1914 | D:3      | Slain by Democracy123's ghost

Vault maps used:
D:1:      scummos_arrival_gate
D:2:      first_ration, minmay_misc_feat_pillars, due_unseen_surprise
D:4:      minmay_cupped, uniq_edmund

Skill      XL: |  1  2  3 |
---------------+----------+-----
Dodging        | 3 |  3.2
Fighting       | 2 |  2.0
Stealth        | |  0.1
Unarmed Combat | |  3.2
Spellcasting   | |  2.3
Transmutations | |  2.5

Action                   || total
-------------------------++-------
Melee: Unarmed           ||   102
       Bite              ||     8
       Headbutt          ||     4
 Cast: Beastly Appendage ||     5
  Use: Scroll            ||     3
 Stab: Sleeping          ||     5
  Eat: Chunk             ||     1
Armor: Skin              ||    14
Dodge: Dodged            ||    81

Table legend:
 A = Spawn XP
 B = Non-spawn XP
 C = Spawn XP percentage of total XP
 D = Spawn monster count
 E = Non-spawn monster count
 F = Spawn count percentage of total count
 G = Total turns spent on level
                    A         B        C        D         E        F      G
               +---------+---------+-------+---------+---------+-------+---------
         Total |       0 |      61 |   0.0 |       0 |      31 |   0.0 |  1914
               +---------+---------+-------+---------+---------+-------+---------
           D:1 |       0 |      17 |   0.0 |       0 |      11 |   0.0 |   756
           D:2 |       0 |      39 |   0.0 |       0 |      17 |   0.0 |  1089
           D:3 |       0 |       5 |   0.0 |       0 |       3 |   0.0 |    64
               +---------+---------+-------+---------+---------+-------+---------
